 Dungeon Crawl Stone Soup version 0.30-a0-1074-g5db6f66fbb (webtiles) character file.

Game seed: 4358516579735039000

28427 Newt the Skirmisher (level 13, -1/72 HPs)
             Began as a Kobold Hunter on Apr 13, 2023.
             Was an Elder of Hepliaklqana.
             Slain by a death yak (27 damage)
             ... on level 3 of the Lair of Beasts.
             The game lasted 00:19:28 (14432 turns).

Newt the Skirmisher (Kobold Hunter)                Turns: 14432, Time: 00:19:28

Health: -1/72      AC: 11    Str: 15    XL:     13   Next: 73%
Magic:  3/22       EV: 19    Int: 10    God:    Hepliaklqana [****..]
Gold:   799        SH:  0    Dex: 26    Spells: 17/24 levels left

rFire   . . .      SeeInvis .    q - +2 sling (drain)
rCold   . . .      Faith    .    (no shield)
rNeg    + . .      Spirit   .    G - +3 troll leather armour
rPois   .          Reflect  .    v - +1 hat
rElec   .          Rampage  .    l - scarf {harm}
rCorr   .          Harm     + .  h - +2 pair of gloves {Dex+3}
Will    .....                    (no boots)
Stlth   +++                      (no amulet)
HPRegen 1.12/turn                p - ring of positive energy
MPRegen 0.18/turn                E - +6 ring of strength

@: portalling projectiles, hasted, very quick
A: reduced essence, small, no large weapons, nightstalker 3
a: Renounce Religion, Recall Ancestor, Ancestor Identity, Transference, Idealise


You were on level 3 of the Lair of Beasts.
You worshipped Hepliaklqana.
Hepliaklqana was greatly pleased with you.
You visited 3 branches of the dungeon, and saw 14 of its levels.

You collected 799 gold pieces.

Inventory:

Hand Weapons
 a - a +0 shortbow of draining
 q - a +2 sling of draining (weapon)
Missiles
 n - 6 throwing nets
Armour
 c - a +0 leather armour
 h - a +2 pair of gloves of dexterity (worn)
 l - a scarf of harm (worn)
 r - +0 steam dragon scales
 v - a +1 hat (worn)
 w - a +0 cloak
 A - an orb of energy
 F - a +2 ring mail of poison resistance
 G - a +3 troll leather armour (worn)
 I - a +0 kite shield
Jewellery
 j - a ring of willpower
 p - a ring of positive energy (left hand)
 E - a +6 ring of strength (right hand)
 H - a +4 ring of protection
Wands
 t - a wand of iceblast (7)
 y - a wand of flame (11)
 z - a wand of polymorph (9)
 C - a wand of paralysis (8)
Scrolls
 b - 4 scrolls of immolation
 g - a scroll of amnesia
 i - a scroll of blinking
 m - a scroll of fear
 s - 7 scrolls of teleportation
 B - a scroll of enchant armour
Potions
 d - 6 potions of berserk rage
 e - 2 potions of heal wounds
 f - 4 potions of degeneration
 k - 5 potions of haste
 o - 2 potions of brilliance
 u - 2 potions of attraction
 x - 2 potions of mutation
 D - a potion of invisibility {unknown}
 J - a potion of ambrosia {unknown}
 K - a potion of curing
Miscellaneous
 N - a phantom mirror


   Skills:
 - Level 9.0 Fighting
 - Level 14.0 Ranged Weapons
 + Level 6.1 Dodging
 - Level 1.3 Stealth
 - Level 6.0 Spellcasting
 - Level 6.0 Hexes
 - Level 6.0 Translocations
 - Level 9.5 Earth Magic
 - Level 9.0 Invocations
 - Level 9.0 Evocations


You had 17 spell levels left.
You knew the following spells:

 Your Spells              Type           Power      Damage    Failure   Level
a - Portal Projectile     Hex/Tloc       30%        N/A       6%          3
b - Leda's Liquefaction   Hex/Erth       9%         N/A       11%         4

Your spell library contained the following spells:

 Spells                   Type           Power      Damage    Failure   Level
 Sandblast                Erth           44%        2d11      1%          1
 Apportation              Tloc           30%        N/A       2%          1
 Dazzling Flash           Conj/Hex       18%        N/A       22%         3
 Vhi's Electric Charge    Tloc/Air       18%        N/A       22%         3
 Freeze                   Ice            12%        1d3       26%         1
 Shock                    Conj/Air       12%        1d3       26%         1
 Call Canine Familiar     Summ           3%         N/A       58%         3
 Frozen Ramparts          Ice            6%         1d1       58%         3
 Hailstorm                Conj/Ice       3%         3d3       58%         3
 Ozocubu's Armour         Ice            3%         N/A       58%         3
 Metabolic Englaciation   Hex/Ice        4%         N/A       90%         5
 Silence                  Hex/Air        4%         N/A       90%         5
 Summon Forest            Summ/Tloc      4%         N/A       90%         5
 Summon Mana Viper        Hex/Summ       9%         N/A       90%         5
 Agony                    Necr           3%         N/A       100%        5
 Arcjolt                  Conj/Air       1%         1d11      100%        5
 Simulacrum               Ice/Necr       1%         N/A       100%        6
 Summon Cactus Giant      Summ           1%         N/A       100%        6
 Maxwell's Capacitive Co  Air            1%         ∞         100%        8


Dungeon Overview and Level Annotations

Branches:
Dungeon (9/15)             Temple (1/1) D:4            Lair (4/5) D:9
  Swamp (0/4) Lair:3        Snake (0/4) Lair:3
  Slime: Lair:4-5       Orc: D:9-12

Altars:
Cheibriados
Fedhas
Gozag
Hepliaklqana
Makhleb
Nemelex Xobeh
Okawaru
Uskayaw
Vehumet
Yredelemnul
Zin

Shops:
D:8 (

Annotations:
D:6 2 transporters, cforsyth's ghost, amateur OpSu


Innate Abilities, Weirdness & Mutations

Your life essence is reduced to manifest your ancestor. (-10% HP)
You are small and have problems with some larger weapons.
You are completely attuned to the shadows.


Message History

There is a stone staircase leading down here.
The death yak attacks as you move away! The death yak gores you!!
* * * LOW HITPOINT WARNING * * *
The death yak attacks as you move away! The death yak barely misses you.
Cuetlachtli emerges from the mists of memory!
Blink to where?
Press: ? - help, Dir - move target
As you read the scroll of blinking, it crumbles to dust.
Unknown command.
Casting: Portal Projectile (dangerous; 6% risk of failure)
Press: ? - help, Q - select action, (/) - cycle Dir - look around, f - activate You begin teleporting projectiles to their destination.
Cuetlachtli hits the death yak with a +0 flail.
Casting: Portal Projectile (dangerous; 6% risk of failure)
Confirm with . or Enter, or press ? or * to list all spells.
You don't have enough magic to cast this spell.
Unknown command.
Fire: q) +2 sling (drain)
Press: ? - help, Shift-Dir - straight line, f - death yak
Aim: a death yak (lightly wounded, lightly drained, 85% to hit)
You magically shoot a sling bullet.
The sling bullet hits the death yak but does no damage.
The death yak is lightly wounded.
Unknown command.
The death yak attacks as you move away! The death yak gores you!
* * * LOW HITPOINT WARNING * * *
As you read the scroll of fear, it crumbles to dust.
You assume a fearsome visage.
The death yak looks frightened!
The death yak resists with some effort.
The death yak completely misses you.
The death yak gores Cuetlachtli!
Unknown command.
The death yak attacks as you move away! The death yak completely misses you.
Cuetlachtli hits the death yak but does no damage.
Cuetlachtli's attack snaps the death yak out of its fear.
The death yak attacks as you move away! The death yak gores you!
* * * LOW HITPOINT WARNING * * *
The death yak seems less drained.
You feel much better. The death yak misses you.
You feel yourself speed up. The death yak gores you!!
You die...

##....## #P...<.#
#......# ##....##
#......## #....##
##....#.# ##.....#
#......####......#
##....## #R#....##
#......#####.....##
##....##P.##......#
#.@............###
##YY............##
#................###
##..............#..#
#..R................
#..R................
##..................
##..................
#...............P.##


You could see the friendly Cuetlachtli the knight and 2 death yaks.

Vanquished Creatures
  Harold (Lair:2)
  2 hydras
  A centaur warrior (D:9)
  Urug (Lair:2)
  A wizard (D:9)
  3 elephants (Lair:3)
  Maurice (D:9)
  A black mamba (Lair:1)
  A gargoyle (D:9)
  7 cane toads
  Maggie (D:6)
  A rime drake (Lair:3)
  3 komodo dragons
  A troll (D:9)
  8 hornets
  Grinder (D:6)
  6 blink frogs
  Prince Ribbit (D:5)
  A wraith (D:9)
  A vampire (D:6)
  A human (D:8)
  4 yaks
  A wyvern (D:7)
  5 hogs
  A basilisk (Lair:3)
  A steam dragon (D:9)
  Menkaure (D:6)
  6 water moccasins
  An ice beast (D:6)
  3 ogres
  2 black bears
  A sky beast (D:8)
  2 wolves (D:9)
  4 centaurs
  A kobold brigand (D:9)
  6 bullfrogs
  13 wights
  2 killer bees (D:9)
  3 howler monkeys
  2 electric eels (D:9)
  3 lava snakes (Lair:3)
  4 hounds
  A jelly (D:5)
  An orc priest (D:8)
  3 sleepcaps
  4 orc wizards
  2 hell rats (Lair:3)
  12 gnolls
  6 adders
  2 ufetubi
  A worm (D:3)
  5 dart slugs
  16 orcs
  8 ball pythons
  8 endoplasms
  4 giant cockroaches
  8 goblins
  4 hobgoblins
  10 kobolds
  5 quokkas
  5 bats
  A frilled lizard (D:1)
  5 rats
221 creatures vanquished.

Vanquished Creatures (collateral kills)
  Gastronok (Lair:1)
  Kirke (Lair:3)
  A boulder beetle (D:9)
  A death yak (Lair:4)
  A will-o-the-wisp (Lair:3)
  A salamander (Lair:3)
  An elephant (Lair:3)
  Joseph (D:8)
  A black mamba (Lair:4)
  3 cane toads
  A kobold demonologist (D:9)
  2 komodo dragons
  A troll (D:9)
  A hornet (Lair:2)
  5 blink frogs
  A wraith (D:9)
  2 yaks (Lair:1)
  3 hogs
  2 water moccasins
  A black bear (D:6)
  An orc warrior (D:9)
  2 wolves (D:9)
  2 centaurs (D:9)
  4 bullfrogs
  2 gnoll sergeants (D:9)
  A scorpion (D:6)
  2 wights (D:9)
  2 howler monkeys
  A gnoll bouda (D:7)
  An iguana (D:6)
  3 orc wizards
  2 hell rats (Lair:3)
  2 gnolls (D:9)
56 creatures vanquished.

Vanquished Creatures (others)
  A knight (Lair:4)
  3 killer bees (D:9)
  4 ancestors
  2 foxfires (Lair:3)
  9 fungi
  15 plants
34 creatures vanquished.

Grand Total: 311 creatures vanquished

Notes
Turn   | Place    | Note
-------+----------+-------------------------------------------
     0 | D:1      | Newt the Kobold Hunter began the quest for the Orb.
     0 | D:1      | Reached XP level 1. HP: 12/12 MP: 1/1
   114 | D:1      | Reached XP level 2. HP: 18/18 MP: 2/2
   555 | D:1      | Reached XP level 3. HP: 23/23 MP: 3/3
  1828 | D:2      | Found a faded altar of an unknown god.
  1996 | D:3      | Reached XP level 4. HP: 30/30 MP: 4/4
  2016 | D:3      | Found an opulent altar of Gozag.
  2104 | D:3      | Reached skill level 5 in Fighting
  2119 | D:3      | Reached XP level 5. HP: 18/35 MP: 5/5
  2352 | D:3      | Reached skill level 6 in Ranged Weapons
  3179 | D:4      | Reached skill level 7 in Ranged Weapons
  3197 | D:4      | Found a staircase to the Ecumenical Temple.
  3220 | D:4      | Reached XP level 6. HP: 40/40 MP: 6/6
  3233 | Temple   | Entered the Ecumenical Temple
  3279 | Temple   | Became a worshipper of Hepliaklqana the Forgotten
  3573 | D:5      | Entered Level 5 of the Dungeon
  3573 | D:5      | Noticed a black bear
  3581 | D:5      | Killed a black bear
  3582 | D:5      | Reached skill level 8 in Ranged Weapons
  3764 | D:5      | Noticed an ogre
  3767 | D:5      | Killed an ogre
  3768 | D:5      | Reached XP level 7. HP: 44/44 MP: 7/7
  3770 | D:5      | Reached skill level 9 in Ranged Weapons
  3777 | D:5      | Noticed Prince Ribbit
  3787 | D:5      | Killed Prince Ribbit
  3788 | D:5      | Reached skill level 10 in Ranged Weapons
  3927 | D:5      | Reached XP level 8. HP: 49/49 MP: 8/8
  4098 | D:5      | Found a hide-covered altar of Uskayaw.
  4335 | D:6      | Noticed Grinder
  4344 | D:6      | Killed Grinder
  4345 | D:6      | Reached skill level 5 in Dodging
  4421 | D:6      | Reached * piety under Hepliaklqana
  4429 | D:6      | Noticed Menkaure
  4434 | D:6      | Killed Menkaure
  4643 | D:6      | Found a radiant altar of Vehumet.
  4687 | D:6      | Reached skill level 11 in Ranged Weapons
  4736 | D:6      | Found a transporter.
  4740 | D:6      | Found a transporter.
  4741 | D:6      | Identified the +5 giant club "Italiot" {vamp, Str+4 Int+2
                  | Dex+2}
  4741 | D:6      | Noticed cforsyth's ghost (amateur OpSu)
  4867 | D:6      | Noticed Maggie
  4888 | D:6      | Killed Maggie
  4889 | D:6      | Reached skill level 12 in Ranged Weapons
  4889 | D:6      | Reached XP level 9. HP: 29/48 MP: 9/9
  5102 | D:6      | Found a glowing silver altar of Zin.
  5102 | D:6      | Found a snail-covered altar of Cheibriados.
  5276 | D:6      | Reached skill level 13 in Ranged Weapons
  5330 | D:6      | Reached skill level 14 in Ranged Weapons
  5340 | D:6      | Reached skill level 1 in Spellcasting
  5340 | D:6      | Reached skill level 1 in Hexes
  5340 | D:6      | Reached skill level 1 in Translocations
  5373 | D:6      | Learned a level 3 spell: Portal Projectile
  5655 | D:6      | You fall into a shaft and drop 2 floors!
  6136 | D:8      | Reached XP level 10. HP: 40/53 MP: 12/14
  7154 | D:7      | Reached ** piety under Hepliaklqana
  7155 | D:7      | Remembered your ancestor Cuetlachtli as a knight
  7559 | D:7      | Reached skill level 5 in Hexes
  7827 | D:7      | Reached skill level 5 in Spellcasting
  7827 | D:7      | Reached skill level 5 in Translocations
  8056 | D:8      | Noticed Joseph
  8066 | D:8      | Killed Joseph
  8529 | D:8      | Found Hicaaq's Weapon Shoppe.
  8673 | D:9      | Reached XP level 11. HP: 47/56 MP: 10/19
  8839 | D:9      | Got Spellwork for Learners
  9035 | D:9      | Found a staircase to the Lair.
  9059 | D:9      | Noticed Maurice
  9077 | D:9      | Killed Maurice
  9360 | D:9      | Identified the +6 dagger "Gimmum" {protect, rElec rPois rN+
                  | Int-5 SInv}
  9392 | D:9      | Noticed a wizard
  9395 | D:9      | Killed a wizard
  9396 | D:9      | Reached skill level 1 in Earth Magic
  9396 | D:9      | Noticed a centaur warrior
  9411 | D:9      | Killed a centaur warrior
  9739 | D:9      | Reached *** piety under Hepliaklqana
  9886 | Lair:1   | Entered Level 1 of the Lair of Beasts
  9902 | Lair:1   | Noticed a boulder beetle
  9904 | Lair:1   | Learned a level 4 spell: Leda's Liquefaction
  9938 | D:9      | Killed a boulder beetle
  9939 | D:9      | Reached skill level 5 in Earth Magic
 10115 | Lair:1   | Reached XP level 12. HP: 29/68 MP: 21/21
 10527 | Lair:1   | Noticed Gastronok
 10545 | Lair:1   | Killed Gastronok
 10854 | Lair:1   | Identified the +5 war axe of Inconvenience {heavy, rN+}
 11318 | Lair:2   | Noticed Urug
 11334 | Lair:2   | Killed Urug
 11473 | Lair:2   | Noticed Harold
 11490 | Lair:2   | Killed Harold
 11894 | Lair:2   | Reached skill level 5 in Invocations
 12024 | Lair:2   | Noticed a four-headed hydra
 12034 | Lair:2   | Killed a four-headed hydra
 12035 | Lair:2   | Reached XP level 13. HP: 72/72 MP: 18/22
 12340 | Lair:3   | Noticed Kirke
 12500 | Lair:3   | Reached **** piety under Hepliaklqana
 12631 | Lair:3   | Reached skill level 1 in Evocations
 12739 | Lair:3   | Found a staircase to the Snake Pit.
 12951 | Lair:3   | Killed Kirke
 12952 | Lair:3   | Reached skill level 5 in Evocations
 13171 | Lair:3   | Noticed a five-headed hydra
 13178 | Lair:3   | Killed a five-headed hydra
 13531 | Lair:3   | Found a staircase to the Swamp.
 14430 | Lair:3   | HP: 3/72 [death yak (15)]
 14432 | Lair:3   | Slain by a death yak

Illustrated notes

Levels and vault maps discovered:
D:1:      minmay_arrival_four_circles, layout_basic, grunt_decor_one_mirror,
          minmay_tetromino_s4
D:2:      layout_basic, dreamdust_ecumenical_altar_angels_and_demons,
          patterned_corridor
D:3:      layout_loops_ring, mainiacjoe_overflow_24_doors,
          chequers_serial_rivers_marsh
D:4:      layout_rooms, minmay_temple_entry_statues_fountains
D:5:      layout_rooms, nicolae_uskayaw_suspiria, minivault_19,
          hangedman_decor_push, uniq_prince_ribbit1
D:6:      layout_basic, general_overflow_altar,
          chequers_temple_overflow_statue_of_worship, gammafunk_ghost_smash,
          grunt_potential, uniq_maggie, uniq_grinder, uniq_menkaure
D:7:      layout_loops_ring
D:8:      layout_gridville, serial_shops, shop, grunt_livestock, uniq_joseph
D:9:      layout_basic, erik_lair_island, nzn_random_ring, uniq_maurice
Temple:   minmay_crystal_spiral_temple
Lair:1:   layout_roguey, grunt_megastairs_4, uniq_gastronok
Lair:2:   layout_misc_corridors, dreamdust_wasp_nest, grunt_megastairs_2,
          uniq_urug, uniq_harold
Lair:3:   layout_long_grid, minmay_swamp_entry_wisps,
          nicolae_snake_entry_warm_welcome, uniq_kirke
Lair:4:   dreamdust_isle_of_ice, layout_layer_cave, slime_entry_2,
          serial_bayou_shore_a

Skill      XL: |  1  2  3  4  5  6  7  8  9 10 11 12 13 |
---------------+----------------------------------------+-----
Fighting       | 3 4 5 9 |  9.0
Ranged Weapons | 7 8 10 12 14 | 14.0
Dodging        | 4 6 |  6.1
Spellcasting   | 2 5 6 |  6.0
Hexes          | 2 5 6 |  6.0
Translocations | 2 5 6 |  6.0
Earth Magic    | 5 9 |  9.5
Invocations    | 7 9 |  9.0
Evocations     | 9 |  9.0
Stealth        | |  1.3

Action                     |  1- 3 |  4- 6 |  7- 9 | 10-12 | 13-15 || total
---------------------------+-------+-------+-------+-------+-------++-------
   Fire: Shortbow          |    58 |    53 |       |       |       ||   111
         Sling             |       |    81 |   158 |   576 |   215 ||  1030
   Cast: Portal Projectile |       |       |       |    23 |    11 ||    34
         Leda's Liquefacti |       |       |       |     6 |     6 ||    12
 Invoke: Recall Ancestor   |       |       |     1 |     1 |     2 ||     4
         Ancestor Life: Kn |       |       |       |     1 |       ||     1
         Idealise          |       |       |       |       |     1 ||     1
         Transference      |       |       |       |       |     1 ||     1
  Evoke: Wand              |       |     1 |     6 |     6 |       ||    13
    Use: Scroll            |     4 |     3 |     6 |     8 |     6 ||    27
         Potion            |       |       |     3 |     3 |     3 ||     9
 Armour: Leather armour    |     4 |    20 |     4 |       |       ||    28
         Skin              |       |       |    12 |       |       ||    12
         Steam dragon scal |       |       |     7 |     7 |       ||    14
         Troll leather arm |       |       |       |     4 |    32 ||    36
  Dodge: Dodged            |    16 |    70 |    59 |   123 |    88 ||   356

Table legend: (Time is in decaauts)
 A = Elapsed time spent in this place.
 B = Non-inter-level travel time spent in this place.
 C = Inter-level travel time spent in this place.
 D = Time resting spent in this place.
 E = Time spent auto-exploring this place.
 F = Levels seen in this place.
 G = Mean time per level.
                   A        B        C        D        E       F      G
               +--------+--------+--------+--------+--------+-----+--------+
         Total |  14258 |  13836 |    422 |   2316 |   9758 |  14 | 1018.4 |
       Dungeon |   9917 |   9598 |    319 |   1565 |   6903 |   9 | 1101.9 |
        Temple |     77 |     46 |     31 |      0 |     36 |   1 |   77.0 |
          Lair |   4263 |   4192 |     71 |    751 |   2819 |   4 | 1065.8 |
               +--------+--------+--------+--------+--------+-----+--------+

Top non-repeatable levels by time:
     D:8: 1867 daAuts
  Lair:3: 1695 daAuts
     D:6: 1590 daAuts
     D:9: 1379 daAuts
  Lair:2: 1136 daAuts
  Lair:1: 1105 daAuts
     D:3: 1037 daAuts
     D:2: 1031 daAuts
     D:1: 977 daAuts
     D:7: 821 daAuts
     D:5: 723 daAuts
     D:4: 489 daAuts
  Lair:4: 325 daAuts
  Temple: 77 daAuts
